[Event "European Online Club-ch-A 2021"]
[Site "Online"]
[Date "2021.03.27"]
[Round "3.15"]
[White "Wintzer, Joachim"]
[Black "Emir, Doruk"]
[Result "1-0"]
[ECO "E54"]
[WhiteElo "2274"]
[BlackElo "1852"]
[Annotator "NA"]
[PlyCount "105"]
[EventDate "2021.03.27"]
[EventType "team-tourn"]
[EventCountry "NET"]
[SourceTitle "playchess.com"]
[Source "ChessBase"]
[SourceQuality "1"]
[TimeControl "900+5"]

1. d4 d5 2. c4 dxc4 3. e3 Nf6 4. Bxc4 e6 5. Nf3 c5 6. O-O cxd4 7. exd4 Be7 8. Qe2 O-O 9. Nc3 b6 10. Bg5 Bb7 11. Rad1 Nbd7 12. Rfe1 Kh8 13. d5 b5 14. Bxb5 Nb6 15. dxe6 Qc8 16. exf7 Qg4 17. h3 Qf5 18. Bd3 Qa5 19. Qe5 Qxe5 20. Nxe5 Bd6 21. Nb5 Bb4 22. Bd2 Bxd2 23. Rxd2 Rad8 24. Rc2 Nbd5 25. a3 Nf4 26. Bf1 Ne4 27. Rc7 Ba8 28. Rxa7 Ng5 29. Nc7 Bc6 30. Nxc6 Nfxh3+ 31. gxh3 Nf3+ 32. Kh1 Nxe1 33. Nxd8 h6 34. Nce6 Rxf7 35. Nxf7+ Kh7 36. Ne5 h5 37. Rc7 Kh6 38. Rc1 h4 39. Rxe1 Kh5 40. a4 g5 41. a5 g4 42. hxg4+ Kh6 43. Bh3 Kh7 44. f4 Kh6 45. a6 Kh7 46. a7 Kh6 47. b4 Kh7 48. b5 Kh6 49. b6 Kh7 50. b7 Kh6 51. a8=Q Kh7 52. b8=Q Kh6 53. Qh8# 1-0

[Event "European Online Club-ch-A 2021"]
[Site "Online"]
[Date "2021.03.27"]
[Round "3.16"]
[White "Tinmaz, Kerem"]
[Black "Noetzel, Felix"]
[Result "1-0"]
[ECO "B31"]
[WhiteElo "1614"]
[BlackElo "2263"]
[Annotator "NA"]
[PlyCount "79"]
[EventDate "2021.03.27"]
[EventType "team-tourn"]
[EventCountry "NET"]
[SourceTitle "playchess.com"]
[Source "ChessBase"]
[SourceQuality "1"]
[TimeControl "900+5"]

1. e4 c5 2. Nf3 Nc6 3. Bb5 g6 4. Bxc6 bxc6 5. Nc3 Bg7 6. d3 Nf6 7. Bd2 O-O 8. Qc1 Re8 9. Bh6 Bh8 10. h3 e5 11. O-O d5 12. Re1 Qd6 13. Qd2 Rb8 14. b3 Rb7 15. Rad1 Rbe7 16. Na4 Nd7 17. Qc3 f5 18. Bc1 fxe4 19. dxe4 Rf7 20. Ba3 d4 21. Qc4 Nb6 22. Nxb6 axb6 23. Ng5 Be6 24. Nxf7 Bxf7 25. Qa6 Rb8 26. Rd3 Be6 27. Rf3 Bg7 28. Bc1 Qc7 29. Bg5 h6 30. Bf6 Rf8 31. Bxg7 Kxg7 32. Rxf8 Kxf8 33. a4 Kg7 34. a5 bxa5 35. Ra1 d3 36. Qxd3 Qf7 37. Rxa5 g5 38. Rxc5 Qf4 39. Rxc6 Bf7 40. Qe3 1-0

[Event "European Online Club-ch-A 2021"]
[Site "Online"]
[Date "2021.03.27"]
[Round "3.17"]
[White "Zavgorodniy, Sergiy"]
[Black "Valdes Escobar, Alvaro"]
[Result "1-0"]
[ECO "B50"]
[WhiteElo "2418"]
[BlackElo "2355"]
[Annotator "NA"]
[PlyCount "53"]
[EventDate "2021.03.27"]
[EventType "team-tourn"]
[EventCountry "NET"]
[SourceTitle "playchess.com"]
[Source "ChessBase"]
[SourceQuality "1"]
[TimeControl "900+5"]

1. e4 c5 2. Nf3 d6 3. c3 Nf6 4. Bc4 Nxe4 5. Qa4+ Nc6 6. Bxf7+ Kxf7 7. Qxe4 d5 8. Qf4+ Kg8 9. d4 cxd4 10. cxd4 e6 11. O-O Bd6 12. Qe3 h6 13. Re1 Bd7 14. Nc3 Rc8 15. Bd2 Qe8 16. Ne2 Qf7 17. b4 Kh7 18. Qd3+ Qg6 19. Qxg6+ Kxg6 20. b5 Ne7 21. Bf4 Bxf4 22. Nxf4+ Kf5 23. g3 g5 24. Nh5 Kg6 25. g4 Kf7 26. Ne5+ Ke8 27. Nf6+ 1-0

[Event "European Online Club-ch-A 2021"]
[Site "Online"]
[Date "2021.03.27"]
[Round "3.18"]
[White "Fitzsimons, David"]
[Black "Vovk, Orest"]
[Result "0-1"]
[ECO "B00"]
[WhiteElo "2324"]
[BlackElo "2315"]
[Annotator "NA"]
[PlyCount "100"]
[EventDate "2021.03.27"]
[EventType "team-tourn"]
[EventCountry "NET"]
[SourceTitle "playchess.com"]
[Source "ChessBase"]
[SourceQuality "1"]
[TimeControl "900+5"]

1. e4 g5 2. d4 h6 3. Nc3 Bg7 4. Be3 d6 5. Nge2 Nf6 6. Ng3 c6 7. Be2 Na6 8. h4 g4 9. e5 dxe5 10. dxe5 Qxd1+ 11. Rxd1 Nd5 12. Nxd5 cxd5 13. Rxd5 Nc7 14. Rc5 Ne6 15. Ra5 O-O 16. Nf5 b6 17. Ra4 Nc5 18. Nxe7+ Kh8 19. Bxc5 bxc5 20. Nxc8 Raxc8 21. Bxg4 Rb8 22. b3 Bxe5 23. Rxa7 Bc3+ 24. Kf1 Rbd8 25. g3 f5 26. Be2 Rd2 27. Bd3 Bd4 28. Rh2 c4 29. bxc4 Bxa7 30. Ke1 Rxd3 31. cxd3 Rd8 32. Kd2 Bd4 33. f3 Ra8 34. Kc1 Ra3 35. Rc2 Rxd3 36. c5 Be5 37. g4 f4 38. c6 Bc7 39. a4 Rxf3 40. Re2 Rc3+ 41. Rc2 Rd3 42. Rd2 Ra3 43. Rd7 Rc3+ 44. Kd2 Rxc6 45. Kd3 Kg8 46. g5 hxg5 47. hxg5 f3 48. g6 f2 49. Rf7 Bg3 50. Rf3 Rc1 0-1

[Event "European Online Club-ch-A 2021"]
[Site "Online"]
[Date "2021.03.27"]
[Round "3.19"]
[White "Babiy, Igor"]
[Black "De Verdier, Michael"]
[Result "1-0"]
[ECO "E05"]
[WhiteElo "2241"]
[BlackElo "2291"]
[Annotator "NA"]
[PlyCount "109"]
[EventDate "2021.03.27"]
[EventType "team-tourn"]
[EventCountry "NET"]
[SourceTitle "playchess.com"]
[Source "ChessBase"]
[SourceQuality "1"]
[TimeControl "900+5"]

1. Nf3 d5 2. c4 e6 3. g3 Nf6 4. Bg2 Be7 5. O-O O-O 6. d4 dxc4 7. Qc2 a6 8. a4 Bd7 9. Rd1 Bc6 10. Nc3 Bb4 11. Bg5 Nbd7 12. d5 exd5 13. Nxd5 Be7 14. Nxf6+ Bxf6 15. Ne5 Bxg5 16. Bxc6 bxc6 17. Nxd7 Re8 18. Nb6 cxb6 19. Rxd8 Raxd8 20. Qxc4 Rd2 21. e3 Rxb2 22. Rd1 Bf6 23. Qxc6 Rf8 24. Rd7 a5 25. Rb7 h6 26. Rxb6 Rxb6 27. Qxb6 Bc3 28. Qc6 Bb4 29. Kg2 Rd8 30. g4 g6 31. h4 Rd2 32. h5 Rd6 33. Qc8+ Kg7 34. hxg6 Rxg6 35. Kf3 Rg5 36. Ke2 h5 37. gxh5 Rxh5 38. Qg4+ Kh6 39. f4 Rc5 40. f5 Rc2+ 41. Kf3 Rc3 42. Qh4+ Kg7 43. Qg5+ Kf8 44. Qd8+ Kg7 45. Qg5+ Kf8 46. Qd8+ Kg7 47. Qd4+ Kh7 48. Kg4 Rc7 49. Kh5 Rc5 50. Qf6 Rc7 51. Qh6+ Kg8 52. Qg5+ Kh7 53. e4 Re7 54. f6 Rxe4 55. Qg7# 1-0

[Event "European Online Club-ch-A 2021"]
[Site "Online"]
[Date "2021.03.27"]
[Round "3.20"]
[White "Czopor, Maciej"]
[Black "Hulka, Valentyn"]
[Result "1-0"]
[ECO "B90"]
[WhiteElo "2239"]
[BlackElo "2089"]
[Annotator "NA"]
[PlyCount "89"]
[EventDate "2021.03.27"]
[EventType "team-tourn"]
[EventCountry "NET"]
[SourceTitle "playchess.com"]
[Source "ChessBase"]
[SourceQuality "1"]
[TimeControl "900+5"]

1. e4 c5 2. Nf3 d6 3. d4 cxd4 4. Nxd4 Nf6 5. Nc3 a6 6. Be3 e5 7. Nb3 Be6 8. Qd2 Nbd7 9. f3 Be7 10. O-O-O O-O 11. g4 b5 12. g5 Nh5 13. Kb1 Nb6 14. Nd5 Nxd5 15. exd5 Bd7 16. Na5 Qc7 17. Bd3 Rac8 18. Rhg1 Bd8 19. Nc6 g6 20. h4 f5 21. gxf6 Bxf6 22. Be4 Kh8 23. Qd3 Bg7 24. Rg2 Nf6 25. h5 Nxe4 26. fxe4 gxh5 27. Ne7 Rce8 28. Nf5 Bxf5 29. exf5 e4 30. Qf1 Qc4 31. Qg1 Be5 32. Rg5 Qe2 33. Re1 Qc4 34. Rxh5 Qxd5 35. Qg6 Rf7 36. Reh1 Ree7 37. Bg5 Rg7 38. Bxe7 Rxg6 39. fxg6 e3 40. Bf6+ Kg8 41. gxh7+ Kf7 42. h8=Q e2 43. Qg7+ Ke6 44. Qg8+ Kxf6 45. Qxd5 1-0

[Event "European Online Club-ch-A 2021"]
[Site "Online"]
[Date "2021.03.27"]
[Round "4.1"]
[White "Horvath, Laszlo"]
[Black "Fitzsimons, David"]
[Result "1-0"]
[ECO "B06"]
[WhiteElo "2183"]
[BlackElo "2324"]
[Annotator "NA"]
[PlyCount "45"]
[EventDate "2021.03.27"]
[EventType "team-tourn"]
[EventCountry "NET"]
[SourceTitle "playchess.com"]
[Source "ChessBase"]
[SourceQuality "1"]
[TimeControl "900+5"]

1. e4 g6 2. d4 Bg7 3. Nf3 c6 4. c3 d5 5. e5 f6 6. exf6 Nxf6 7. Bd3 O-O 8. O-O Bg4 9. Be3 Nbd7 10. Nbd2 e5 11. dxe5 Nxe5 12. Be2 Nxf3+ 13. Bxf3 Bxf3 14. Nxf3 Qd6 15. h3 Rae8 16. Qb3 b6 17. c4 c5 18. cxd5 Qxd5 19. Qa4 Qb7 20. Rad1 Re4 21. Qb3+ Kh8 22. Bxc5 Nh5 23. Bxf8 1-0

[Event "European Online Club-ch-A 2021"]
[Site "Online"]
[Date "2021.03.27"]
[Round "4.2"]
[White "De Verdier, Michael"]
[Black "Krieger, Markus"]
[Result "1-0"]
[ECO "A28"]
[WhiteElo "2291"]
[BlackElo "2050"]
[Annotator "NA"]
[PlyCount "89"]
[EventDate "2021.03.27"]
[EventType "team-tourn"]
[EventCountry "NET"]
[SourceTitle "playchess.com"]
[Source "ChessBase"]
[SourceQuality "1"]
[TimeControl "900+5"]

1. c4 e5 2. Nc3 Bb4 3. Qc2 Nc6 4. e3 Nf6 5. Nf3 O-O 6. Nd5 Bd6 7. Ng5 g6 8. Nxf6+ Qxf6 9. Ne4 Qe6 10. Nxd6 Qxd6 11. d3 Qe7 12. Be2 d6 13. O-O f5 14. Bd2 b6 15. Bf3 Bb7 16. Bd5+ Kg7 17. Bc3 Nd8 18. Bxb7 Nxb7 19. b4 f4 20. exf4 Rxf4 21. Rae1 c5 22. bxc5 bxc5 23. Qb2 Re8 24. Re3 Nd8 25. g3 Rf5 26. f4 Nc6 27. Rfe1 Kf8 28. Re4 Nd4 29. Bxd4 cxd4 30. Rxd4 exd4 31. Rxe7 Rxe7 32. Qxd4 Kg8 33. Qxd6 Rff7 34. Qd8+ Kg7 35. Qd4+ Kg8 36. Qd8+ Kg7 37. Qd4+ Kg8 38. c5 Re2 39. Qc4 Kg7 40. c6 Rc7 41. d4 Re4 42. Qc3 Kf6 43. d5+ Ke7 44. Qc5+ Kf6 45. Qd6+ 1-0

[Event "European Online Club-ch-A 2021"]
[Site "Online"]
[Date "2021.03.27"]
[Round "4.3"]
[White "Ferster, Fabian"]
[Black "Czopor, Maciej"]
[Result "1-0"]
[ECO "A10"]
[WhiteElo "2149"]
[BlackElo "2239"]
[Annotator "NA"]
[PlyCount "31"]
[EventDate "2021.03.27"]
[EventType "team-tourn"]
[EventCountry "NET"]
[SourceTitle "playchess.com"]
[Source "ChessBase"]
[SourceQuality "1"]
[TimeControl "900+5"]

1. c4 b6 2. e4 Bb7 3. Nc3 e5 4. Nf3 Nc6 5. d4 exd4 6. Nxd4 Nf6 7. Bg5 Be7 8. Nf5 O-O 9. Bd3 Ne5 10. f4 Nxd3+ 11. Qxd3 d6 12. O-O-O Qe8 13. e5 dxe5 14. fxe5 Nd5 15. Qg3 f6 16. Bh6 1-0

[Event "European Online Club-ch-A 2021"]
[Site "Online"]
[Date "2021.03.27"]
[Round "4.4"]
[White "Royal, Shreyas"]
[Black "Frick, Renato"]
[Result "1-0"]
[ECO "E08"]
[WhiteElo "2121"]
[BlackElo "1947"]
[Annotator "NA"]
[PlyCount "67"]
[EventDate "2021.03.27"]
[EventType "team-tourn"]
[EventCountry "NET"]
[SourceTitle "playchess.com"]
[Source "ChessBase"]
[SourceQuality "1"]
[TimeControl "900+5"]

1. d4 Nf6 2. c4 e6 3. g3 d5 4. Nf3 c6 5. Bg2 Bb4+ 6. Bd2 Be7 7. O-O b6 8. Qc2 O-O 9. Rd1 Nbd7 10. Bf4 Bb7 11. Ne5 Rc8 12. Nc3 Nxe5 13. dxe5 Nd7 14. cxd5 cxd5 15. e4 g5 16. exd5 exd5 17. Bxd5 Bxd5 18. Rxd5 gxf4 19. Qf5 fxg3 20. hxg3 Rc7 21. Rad1 Qc8 22. Rxd7 Rd8 23. Rxd8+ Bxd8 24. Qxc8 Rxc8 25. Rd7 Bc7 26. f4 Kf8 27. Nd5 Bb8 28. Nf6 Kg7 29. Kg2 a6 30. Kh3 b5 31. Kg4 a5 32. Rd5 Bc7 33. Rc5 b4 34. Rxc7 1-0

[Event "European Online Club-ch-A 2021"]
[Site "Online"]
[Date "2021.03.27"]
[Round "4.5"]
[White "Celik, Hasan Huseyin"]
[Black "Grinev, Valeriy"]
[Result "1/2-1/2"]
[ECO "A45"]
[WhiteElo "2173"]
[BlackElo "2441"]
[Annotator "NA"]
[PlyCount "181"]
[EventDate "2021.03.27"]
[EventType "team-tourn"]
[EventCountry "NET"]
[SourceTitle "playchess.com"]
[Source "ChessBase"]
[SourceQuality "1"]
[TimeControl "900+5"]

1. d4 Nf6 2. Bg5 Ne4 3. Bf4 c5 4. f3 Qa5+ 5. c3 Nf6 6. d5 e6 7. e4 exd5 8. exd5 d6 9. Na3 Be7 10. Nc4 Qc7 11. a4 O-O 12. Ne2 Nh5 13. Be3 f5 14. Nf4 Nxf4 15. Bxf4 Nd7 16. Be2 Nb6 17. O-O Nxc4 18. Bxc4 Bd7 19. Re1 Rae8 20. Qd3 Bh4 21. g3 Bf6 22. Bb5 a6 23. Bxd7 Qxd7 24. b3 g6 25. Rab1 Kf7 26. Kf2 Rxe1 27. Rxe1 Re8 28. Rxe8 Kxe8 29. Be3 b5 30. axb5 axb5 31. c4 bxc4 32. bxc4 Qa4 33. Qe2 Kf7 34. Bf4 Qd7 35. Qa2 Qe7 36. Qe2 Bd4+ 37. Kf1 Qd7 38. h4 Bf6 39. Kg2 Bd4 40. Kh3 Bf6 41. Kg2 Bd4 42. g4 fxg4 43. fxg4 Bf6 44. Kg3 Qe7 45. Qxe7+ Kxe7 46. h5 Kd7 47. Kf3 Ke7 48. Bh6 Kf7 49. Ke4 Be5 50. Bg5 Bh2 51. Be3 Kf6 52. Bd2 Be5 53. Ba5 Kg5 54. hxg6 Kxg6 55. Bd2 Kf6 56. Kd3 Kg6 57. Kc2 Kf6 58. Kb3 Ke7 59. Ka4 Kd7 60. Kb5 Bh2 61. Ka4 Be5 62. Kb3 Ke7 63. Bg5+ Kf7 64. Kc2 Kg6 65. Be7 h5 66. gxh5+ Kxh5 67. Kd3 Kg6 68. Ke4 Bh2 69. Bh4 Be5 70. Be1 Kf6 71. Bd2 Bh2 72. Bc3+ Kg6 73. Be1 Kf6 74. Bh4+ Kg6 75. Bf2 Kf6 76. Be3 Kg6 77. Bd2 Kf6 78. Ba5 Kg6 79. Bd8 Bg3 80. Kf3 Be5 81. Kg4 Bh2 82. Be7 Be5 83. Bg5 Bh2 84. Bd2 Kf6 85. Bc3+ Kg6 86. Bb2 Bg1 87. Bc1 Bh2 88. Bg5 Be5 89. Bd2 Kf6 90. Bg5+ Kg6 91. Bd2 1/2-1/2

[Event "European Online Club-ch-A 2021"]
[Site "Online"]
[Date "2021.03.27"]
[Round "4.6"]
[White "Mitusov, Semen"]
[Black "Gurel, Ediz"]
[Result "0-1"]
[ECO "B22"]
[WhiteElo "2297"]
[BlackElo "2168"]
[Annotator "NA"]
[PlyCount "82"]
[EventDate "2021.03.27"]
[EventType "team-tourn"]
[EventCountry "NET"]
[SourceTitle "playchess.com"]
[Source "ChessBase"]
[SourceQuality "1"]
[TimeControl "900+5"]

1. e4 c5 2. Nf3 e6 3. c3 Nf6 4. e5 Nd5 5. d4 cxd4 6. cxd4 d6 7. a3 Bd7 8. Bd3 Bc6 9. O-O Nd7 10. Re1 Rc8 11. Nbd2 dxe5 12. dxe5 Nc5 13. Bf1 Nf4 14. Re3 Be7 15. g3 Nd5 16. Re1 O-O 17. Nd4 Bd7 18. Ne4 Nxe4 19. Rxe4 Qb6 20. Rg4 f5 21. exf6 Bxf6 22. Bg2 Kh8 23. Re4 e5 24. Nf3 Bf5 25. Re2 Rcd8 26. Rd2 Ne7 27. Rxd8 Rxd8 28. Qe1 e4 29. Ng5 Re8 30. Qe2 Nd5 31. Qc4 Bxg5 32. Qxd5 Bxc1 33. Rxc1 Qxb2 34. Re1 Bg6 35. Re3 Rf8 36. f4 exf3 37. Rxf3 Qb6+ 38. Kh1 Qb1+ 39. Bf1 Be4 40. Kg1 Bxf3 41. Qd6 Qb6+ 0-1

[Event "European Online Club-ch-A 2021"]
[Site "Online"]
[Date "2021.03.27"]
[Round "4.7"]
[White "Emir, Doruk"]
[Black "Babiy, Igor"]
[Result "1/2-1/2"]
[ECO "D02"]
[WhiteElo "1852"]
[BlackElo "2241"]
[Annotator "NA"]
[PlyCount "234"]
[EventDate "2021.03.27"]
[EventType "team-tourn"]
[EventCountry "NET"]
[SourceTitle "playchess.com"]
[Source "ChessBase"]
[SourceQuality "1"]
[TimeControl "900+5"]

1. Nf3 d5 2. d4 Nf6 3. Bf4 c5 4. e3 Nc6 5. Nc3 a6 6. Be2 Bg4 7. O-O e6 8. Ne5 Bxe2 9. Nxe2 Rc8 10. Ng3 cxd4 11. exd4 Bd6 12. c3 O-O 13. Qe2 Ne7 14. Bg5 Ng6 15. f4 Be7 16. f5 exf5 17. Nxf5 Ne4 18. Bxe7 Nxe7 19. Qg4 Nxf5 20. Rxf5 f6 21. Raf1 Qd6 22. Nd3 Rcd8 23. Nf4 Qc6 24. Rh5 Rf7 25. Rxh7 Kxh7 26. Qh5+ Kg8 27. Ng6 Rfd7 28. Qh8+ Kf7 29. Ne5+ Ke6 30. Qh3+ Kd6 31. Nxc6 Kxc6 32. Re1 Re7 33. Qd3 Rde8 34. c4 dxc4 35. Qxc4+ Kd7 36. Rc1 Rd8 37. Re1 Rde8 38. Qd5+ Nd6 39. Rc1 Re2 40. Qf3 R8e4 41. Qc3 Ke6 42. d5+ Kxd5 43. Qc7 Re1+ 44. Rxe1 Rxe1+ 45. Kf2 Rd1 46. Kg3 Rd3+ 47. Kg4 g6 48. g3 Rd4+ 49. Kh3 g5 50. Qc2 g4+ 51. Kh4 f5 52. Kg5 b5 53. a3 a5 54. Qb3+ Kc5 55. Qc3+ Kd5 56. Qxa5 Ke6 57. Qb6 Kd5 58. b4 Rc4 59. a4 bxa4 60. Qa5+ Ke4 61. Qxa4 Kd5 62. Qa8+ Kd4 63. Qd8 Kd5 64. Qb6 Ke6 65. Qb8 Rc2 66. b5 Rb2 67. b6 Rb5 68. Qg8+ Ke5 69. Qg7+ Kd5 70. Qg6 Kc6 71. Kh4 Rxb6 72. Qg5 Rb5 73. Qc1+ Kd5 74. Qf4 Rc5 75. Kh5 Rc4 76. Qh6 Rc2 77. Kg6 Re2 78. Kh7 Re7+ 79. Kg8 Re8+ 80. Kg7 Re2 81. Qh4 Re6 82. Qd8 Re4 83. Qa5+ Ke6 84. Qa2+ Rc4 85. Kh6 Kf6 86. Qb2+ Ke6 87. Kg6 Re4 88. Qb3+ Ke5 89. Qc3+ Kd5 90. Qd3+ Kc6 91. Qc3+ Rc4 92. Qd3 Kc5 93. Qe3+ Kd5 94. Qd3+ Rd4 95. Qb3+ Ke4 96. Qe6+ Kf3 97. Qe1 Rd3 98. Qf1+ Ke3 99. Kg5 Rd4 100. Qe1+ Kd3 101. Kf6 Kc4 102. Qe6+ Kd3 103. Qb3+ Ke2 104. Qb2+ Rd2 105. Qa3 Ke1 106. Kg6 Ke2 107. Qa6+ Kf2 108. Qa5 Ke2 109. Qe5+ Kf2 110. Qf4+ Ke2 111. Kh5 Ke1 112. Qe3+ Kd1 113. Qg1+ Ke2 114. Qg2+ Ke3 115. Qg1+ Ke2 116. Qg2+ Ke3 117. Qg1+ Ke2 1/2-1/2

[Event "European Online Club-ch-A 2021"]
[Site "Online"]
[Date "2021.03.27"]
[Round "4.8"]
[White "Hulka, Valentyn"]
[Black "Tinmaz, Kerem"]
[Result "1-0"]
[ECO "B06"]
[WhiteElo "2089"]
[BlackElo "1614"]
[Annotator "NA"]
[PlyCount "37"]
[EventDate "2021.03.27"]
[EventType "team-tourn"]
[EventCountry "NET"]
[SourceTitle "playchess.com"]
[Source "ChessBase"]
[SourceQuality "1"]
[TimeControl "900+5"]

1. e4 g6 2. d4 Bg7 3. Nf3 d6 4. Bc4 e6 5. Bb3 Ne7 6. O-O O-O 7. Re1 b6 8. a4 d5 9. Nc3 dxe4 10. Nxe4 a5 11. Bg5 Nd7 12. d5 exd5 13. Bxd5 Rb8 14. Nd4 Bxd4 15. Qxd4 c5 16. Qd2 Bb7 17. Bxb7 Rxb7 18. Rad1 Re8 19. Nd6 1-0

[Event "European Online Club-ch-A 2021"]
[Site "Online"]
[Date "2021.03.27"]
[Round "4.9"]
[White "Finek, Vaclav"]
[Black "Jakubowski, Krzysztof"]
[Result "1/2-1/2"]
[ECO "E59"]
[WhiteElo "2361"]
[BlackElo "2497"]
[Annotator "ChessBase"]
[PlyCount "80"]
[EventDate "2021.03.27"]
[EventType "team-tourn"]
[EventCountry "NET"]
[SourceTitle "playchess.com"]
[Source "ChessBase"]
[SourceQuality "1"]
[TimeControl "900+5"]

1. d4 Nf6 2. c4 e6 3. Nf3 d5 4. Nc3 Bb4 5. e3 O-O 6. Be2 dxc4 7. Bxc4 c5 8. O-O Nc6 9. a3 Bxc3 10. bxc3 Qc7 11. Bd3 e5 12. dxe5 Nxe5 13. Be2 Bf5 14. Qa4 Be4 15. Bb2 b5 16. Qb3 c4 17. Qa2 Nxf3+ 18. gxf3 Bc2 19. Bc1 Bb3 20. Qb1 Qe5 21. e4 Rfd8 22. Be3 Qxc3 23. Qc1 Qxc1 24. Rfxc1 Nd7 25. f4 Nb6 26. Bf3 g6 27. h4 Rab8 28. h5 a5 29. Be2 Na4 30. Rab1 Rb7 31. hxg6 hxg6 32. Kg2 Rbd7 33. f3 Rd2 34. Bxd2 Rxd2 35. Kf1 Kf8 36. Ke1 Ra2 37. Ra1 Rb2 38. Rab1 Ra2 39. Ra1 Rb2 40. Rab1 Ra2 1/2-1/2

[Event "European Online Club-ch-A 2021"]
[Site "Online"]
[Date "2021.03.27"]
[Round "4.10"]
[White "Schmidek, Emil"]
[Black "Nemec, Jachym"]
[Result "1-0"]
[ECO "D85"]
[WhiteElo "2402"]
[BlackElo "2229"]
[Annotator "NA"]
[PlyCount "73"]
[EventDate "2021.03.27"]
[EventType "team-tourn"]
[EventCountry "NET"]
[SourceTitle "playchess.com"]
[Source "ChessBase"]
[SourceQuality "1"]
[TimeControl "900+5"]

1. d4 Nf6 2. c4 g6 3. Nc3 d5 4. cxd5 Nxd5 5. e4 Nxc3 6. bxc3 Bg7 7. Ba3 O-O 8. Nf3 b6 9. Bd3 c5 10. O-O Bb7 11. Re1 Nd7 12. e5 e6 13. Qe2 Qc7 14. Rac1 Rfd8 15. Ng5 Bf8 16. Be4 Bh6 17. h4 Bxe4 18. Qxe4 Rac8 19. Qf3 Bxg5 20. hxg5 Qc6 21. Qf4 Qa4 22. Bb2 Qxa2 23. Re2 cxd4 24. cxd4 b5 25. Ra1 Qc4 26. Re3 Rc7 27. Rc3 Qxc3 28. Bxc3 Rxc3 29. Rxa7 Rc4 30. Rb7 b4 31. g3 Rc6 32. d5 exd5 33. Qxb4 Re6 34. f4 Nf8 35. Qa5 Rc8 36. Qxd5 Rec6 37. Qxf7+ 1-0

[Event "European Online Club-ch-A 2021"]
[Site "Online"]
[Date "2021.03.27"]
[Round "4.11"]
[White "Brozka, Karel"]
[Black "Wintzer, Joachim"]
[Result "0-1"]
[ECO "E30"]
[WhiteElo "2080"]
[BlackElo "2274"]
[Annotator "NA"]
[PlyCount "82"]
[EventDate "2021.03.27"]
[EventType "team-tourn"]
[EventCountry "NET"]
[SourceTitle "playchess.com"]
[Source "ChessBase"]
[SourceQuality "1"]
[TimeControl "900+5"]

1. d4 e6 2. c4 Nf6 3. Nc3 Bb4 4. Bg5 c5 5. d5 exd5 6. cxd5 d6 7. e3 Nbd7 8. Bd3 Qa5 9. Nge2 Nxd5 10. O-O Bxc3 11. Nxc3 Nxc3 12. bxc3 c4 13. Bxc4 Qxg5 14. Qxd6 Qe7 15. Qg3 O-O 16. Rfd1 Nf6 17. Rd4 Be6 18. Bxe6 Qxe6 19. h4 Rac8 20. Rb1 b6 21. Rc1 Ne4 22. Qf3 Nxc3 23. Kh2 Rc5 24. g4 Nxa2 25. Rg1 Rc4 26. Rd5 Nc3 27. Rf5 a5 28. h5 g6 29. hxg6 hxg6 30. Rf6 Qe5+ 31. Rg3 Ne4 32. Rf4 Nxg3 33. Rxc4 Ne4+ 34. Kg2 Ng5 35. Qc6 Qe6 36. Qb5 Ne4 37. Rd4 Qxg4+ 38. Kf1 Rc8 39. Qb2 Qh3+ 40. Ke2 Ng3+ 41. Kd2 Qf1 0-1

[Event "European Online Club-ch-A 2021"]
[Site "Online"]
[Date "2021.03.27"]
[Round "4.12"]
[White "Noetzel, Felix"]
[Black "Smolik, Jachym"]
[Result "0-1"]
[ECO "B15"]
[WhiteElo "2263"]
[BlackElo "2073"]
[Annotator "NA"]
[PlyCount "82"]
[EventDate "2021.03.27"]
[EventType "team-tourn"]
[EventCountry "NET"]
[SourceTitle "playchess.com"]
[Source "ChessBase"]
[SourceQuality "1"]
[TimeControl "900+5"]

1. e4 c6 2. d4 d5 3. Nc3 dxe4 4. Nxe4 Nf6 5. Ng3 g6 6. Nf3 Bg7 7. c3 O-O 8. Bc4 Nbd7 9. O-O Qc7 10. Re1 e6 11. Bd2 a6 12. Qc1 b5 13. Bb3 c5 14. Bh6 Bb7 15. Bxg7 Kxg7 16. Ne5 cxd4 17. cxd4 Qxc1 18. Raxc1 Rac8 19. f3 Nb6 20. a3 Rfd8 21. Rxc8 Rxc8 22. Nxf7 Kxf7 23. Bxe6+ Kf8 24. Bxc8 Bxc8 25. Ne4 Nxe4 26. fxe4 Nc4 27. Re2 Bg4 28. Rc2 Bd1 29. Rf2+ Ke7 30. Kf1 Bc2 31. e5 Bf5 32. Ke2 Nxb2 33. Kf3 Nc4 34. Ra2 a5 35. g4 Bd3 36. Ra1 Ke6 37. Rd1 Bc2 38. Rc1 Nxa3 39. Ke3 b4 40. Kd2 b3 41. Kc3 Nb5+ 0-1

[Event "European Online Club-ch-A 2021"]
[Site "Online"]
[Date "2021.03.27"]
[Round "4.19"]
[White "Timofeev, Artyom"]
[Black "Marin, Mihail"]
[Result "1/2-1/2"]
[ECO "E14"]
[WhiteElo "2594"]
[BlackElo "2502"]
[Annotator "ChessBase"]
[PlyCount "153"]
[EventDate "2021.03.27"]
[EventType "team-tourn"]
[EventCountry "NET"]
[SourceTitle "playchess.com"]
[Source "ChessBase"]
[SourceQuality "1"]
[TimeControl "900+5"]

1. d4 Nf6 2. c4 e6 3. e3 b6 4. Bd3 Bb7 5. Nf3 Be7 6. Nc3 d5 7. O-O O-O 8. cxd5 exd5 9. Ne5 c5 10. Bd2 Nc6 11. Nxc6 Bxc6 12. dxc5 bxc5 13. Rc1 Qb6 14. b3 Rad8 15. Qc2 Rfe8 16. Rfd1 Qb7 17. Bf1 d4 18. Na4 d3 19. Qc4 Ne4 20. Nc3 Bf8 21. Nxe4 Rxe4 22. Qc3 Rg4 23. g3 Bf3 24. Re1 Qd5 25. Qa5 Rd7 26. Qb5 Rh4 27. Rc4 Rxc4 28. bxc4 Qe6 29. e4 a6 30. Qb3 g5 31. Bxg5 Qg4 32. Bd2 Bxe4 33. Bg2 Bxg2 34. Kxg2 Qd4 35. Qc3 Qxc3 36. Bxc3 f5 37. Bd2 Bg7 38. Kf3 Kf7 39. Rb1 Be5 40. Ke3 Bd4+ 41. Kxd3 Bxf2+ 42. Ke2 Bd4 43. Bf4 Bc3 44. Rb3 Re7+ 45. Kd3 Bd4 46. Rb6 Re1 47. Rxa6 Rd1+ 48. Ke2 Rg1 49. h4 Rg2+ 50. Kd3 Bf2 51. Ra7+ Kg6 52. Be5 Kh6 53. Rg7 f4 54. g4 Bxh4 55. Rg8 Bg5 56. Bg7+ Kg6 57. Be5+ Kh6 58. Ke4 Rxg4 59. Kf5 Rg3 60. a4 Kh5 61. a5 h6 62. a6 Ra3 63. Bxf4 Bxf4 64. Kxf4 Rxa6 65. Rc8 Rf6+ 66. Ke5 Kg5 67. Rxc5 Rf5+ 68. Kd6 Rxc5 69. Kxc5 h5 70. Kb6 h4 71. c5 h3 72. c6 h2 73. c7 h1=Q 74. c8=Q Qb1+ 75. Kc7 Qc2+ 76. Kb8 Qxc8+ 77. Kxc8 1/2-1/2

[Event "European Online Club-ch-A 2021"]
[Site "Online"]
[Date "2021.03.27"]
[Round "4.20"]
[White "Costachi, Mihnea"]
[Black "Sharafiev, Azat"]
[Result "0-1"]
[ECO "E75"]
[WhiteElo "2471"]
[BlackElo "2432"]
[Annotator "ChessBase"]
[PlyCount "70"]
[EventDate "2021.03.27"]
[EventType "team-tourn"]
[EventCountry "NET"]
[SourceTitle "playchess.com"]
[Source "ChessBase"]
[SourceQuality "1"]
[TimeControl "900+5"]

1. d4 Nf6 2. c4 g6 3. Nc3 Bg7 4. e4 d6 5. Be2 O-O 6. Bg5 h6 7. Be3 c5 8. d5 e6 9. Nf3 exd5 10. cxd5 Ng4 11. Bf4 Re8 12. Nd2 Ne5 13. O-O b6 14. Bg3 Ba6 15. Nb5 g5 16. a4 Bxb5 17. axb5 Ng6 18. Qc2 Nf4 19. Bxf4 gxf4 20. Nc4 Be5 21. Bg4 Nd7 22. Qe2 Nf6 23. Bf5 Kh8 24. Ra3 Rg8 25. Rfa1 Qc7 26. Kh1 Rg5 27. Bh3 Bd4 28. Qf3 Qe7 29. Bf5 Nxd5 30. e5 Rxf5 31. Qxd5 Rf8 32. Rxa7 Rxe5 33. Nxe5 Qxe5 34. Qxe5+ dxe5 35. Ra8 Kg7 0-1